 Dungeon Crawl Stone Soup version 0.20-a0-514-g839ffe0 (console) character file.

403 Gottschkopf the Magician (level 6, 0/32 HPs)
             Began as a Deep Elf Conjurer on Jan 24, 2017.
             Slain by Pikel
             ... wielding a +2 whip of freezing
              (1 damage)
             ... on level 4 of the Dungeon.
             The game lasted 00:15:36 (3998 turns).

Gottschkopf the Magician (Deep Elf Conjurer)        Turns: 3998, Time: 00:15:37

Health: 0/32       AC:  4    Str:  5    XL:     6   Next: 55%
Magic:  5/18       EV: 12    Int: 22    God:
Gold:   32         SH:  4    Dex: 17    Spells: 3/19 levels left

rFire    . . .     SeeInvis .   w - +4 short sword
rCold    . . .     Gourm    .   a - +0 robe
rNeg     . . .     Faith    .   q - +0 buckler
rPois    .         Spirit   .   s - +0 helmet
rElec    .         Reflect  .   (no cloak)
rCorr    .         Harm     .   g - +0 pair of gloves
MR       .....                  (no boots)
Stlth    ++........             (no amulet)
Regen    0.1/turn               (no ring)
                                v - +2 ring of dexterity

@: no status effects
A: no striking features
a: no special abilities


You were on level 4 of the Dungeon.
You were not hungry.

You visited 1 branch of the dungeon, and saw 4 of its levels.

You collected 161 gold pieces.
You spent 129 gold pieces at shops.

Inventory:

Hand Weapons
 n - a +1 hand axe of electrocution
 w - a +4 short sword (weapon)
Armour
 a - a +0 robe (worn)
 g - a +0 pair of gloves (worn)
 j - a +0 leather armour
 q - a +0 buckler (worn)
 s - a +0 helmet (worn)
Jewellery
 v - a +2 ring of dexterity (left hand)
Wands
 c - a wand of random effects (27/48)
 y - a wand of paralysis (4/24)
Scrolls
 m - a scroll of amnesia {unknown}
 r - a scroll of identify {unknown}
 x - a scroll of recharging {unknown}
 z - a scroll of enchant armour {unknown}
 A - a scroll of magic mapping {unknown}
 E - a scroll of teleportation
 F - a scroll of remove curse
Potions
 d - a potion of mutation {unknown}
 e - 2 potions of agility {unknown}
 h - a potion of degeneration {unknown}
 i - a potion of cancellation {unknown}
 k - 2 potions of heal wounds {unknown}
 l - a potion of brilliance {unknown}
 o - a potion of resistance {unknown}
 p - 2 potions of berserk rage {unknown}
 t - a potion of curing
 u - a potion of ambrosia {unknown}
 B - 2 potions of haste {unknown}
 C - a potion of beneficial mutation {unknown}
Books
 b - a book of Conjurations

   Spells                             Type                      Level
   a - Magic Dart                     Conjuration                  1
   b - Searing Ray                    Conjuration                  2
   c - Dazzling Spray                 Conjuration/Hexes            3
   d - Fulminant Prism                Conjuration/Hexes            4
   e - Iskenderun's Mystic Blast      Conjuration                  4
   f - Iskenderun's Battlesphere      Conjuration/Charms           5
Comestibles
 f - 2 fruits
 D - 3 chunks of flesh


   Skills:
 - Level 2.4 Dodging
 - Level 2.4 Stealth
 - Level 7.1 Spellcasting
 + Level 4.3 Conjurations
 - Level 6.5 Charms


You had 3 spell levels left.
You knew the following spells:

 Your Spells              Type           Power        Failure   Level  Hunger
a - Magic Dart            Conj           ####         2%          1    None
b - Searing Ray           Conj           ####..       3%          2    None
c - Iskenderun's Mystic   Conj           ####....     24%         4    ###....
d - Fulminant Prism       Conj/Hex       ###.......   69%         4    ###....
e - Iskenderun's Battles  Conj/Chrm      ####....     43%         5    #####..


Dungeon Overview and Level Annotations

Branches:
Dungeon (4/15)
 Temple: D:4-7

Altars:
The Shining One

Shops:
D:4 [*

Annotations:
D:4 Pikel


Message History

Aiming: Searing Ray
Press: ? - help, Shift-Dir - straight line, f/p - Pikel
Aim: Pikel, wielding a whip of freezing and wearing a robe (moderately wounded)
The searing ray hits Pikel.
Pikel is heavily wounded. (Press . to maintain the ray.) Pikel closely misses you.
The searing ray hits Pikel.
Pikel is severely wounded.
Pikel hits you with a whip of freezing!
* * * LOW HITPOINT WARNING * * *
Pikel freezes you.
* * * LOW HITPOINT WARNING * * *
The searing ray hits Pikel.
Pikel is severely wounded.
Pikel cracks his whip.
Pikel hits you with a whip of freezing.
* * * LOW HITPOINT WARNING * * *
Pikel freezes you.
You die...

..#.# ..#.# .#
#.#.# .# #.#.# .#
#.#.# p# #####.#.#
p# ........# p#
#####.###########K#
# #...........@.# #
############### #


You could see Pikel and 3 slaves.

Vanquished Creatures
  A slave (D:4)
  An ogre (D:4)
  A scorpion (D:4)
  2 worker ants (D:4)
  Terence (D:2)
  Natasha (thrice) (D:3)
  4 adders
  4 oozes
  A worm (D:2)
  2 dart slugs
  A leopard gecko (D:2)
  9 bats
  4 giant cockroaches
  5 goblins
  7 hobgoblins
  7 jackals
  A quokka (D:2)
  7 frilled lizards
  8 kobolds
  4 rats
73 creatures vanquished.

Notes
Turn   | Place    | Note
-------+----------+-------------------------------------------
     0 | D:1      | Gottschkopf the Deep Elf Conjurer began the quest for the Orb.
     0 | D:1      | Reached XP level 1. HP: 10/10 MP: 6/6
   323 | D:1      | Reached skill level 4 in Spellcasting
   323 | D:1      | Reached XP level 2. HP: 15/15 MP: 0/9
   327 | D:1      | Learned a level 2 spell: Searing Ray
   932 | D:1      | Reached XP level 3. HP: 19/19 MP: 8/11
   998 | D:2      | Reached skill level 5 in Spellcasting
  1164 | D:2      | Noticed Terence
  1205 | D:2      | Killed Terence
  1205 | D:2      | Reached skill level 6 in Spellcasting
  1205 | D:2      | Reached XP level 4. HP: 20/24 MP: 1/14
  1235 | D:2      | Learned a level 4 spell: Iskenderun's Mystic Blast
  1240 | D:2      | Learned a level 4 spell: Fulminant Prism
  1952 | D:3      | Found a faded altar of an unknown god.
  2405 | D:3      | Reached skill level 7 in Spellcasting
  2462 | D:3      | Found a glowing golden altar of the Shining One.
  2695 | D:3      | Reached XP level 5. HP: 28/28 MP: 11/16
  2702 | D:3      | Learned a level 5 spell: Iskenderun's Battlesphere
  2801 | D:3      | Noticed Natasha
  2805 | D:3      | Killed Natasha
  3158 | D:3      | Noticed Natasha
  3167 | D:3      | Killed Natasha
  3501 | D:3      | Noticed Natasha
  3505 | D:3      | Killed Natasha
  3589 | D:4      | Found Ownimp's Antique Armour Shop.
  3613 | D:4      | Reached XP level 6. HP: 32/32 MP: 10/18
  3687 | D:4      | Reached skill level 5 in Charms
  3740 | D:4      | Found Womaqam's Assorted Antiques.
  3829 | D:4      | Bought a scroll labeled KIPRYRGHILIQ for 23 gold pieces
  3829 | D:4      | Bought a fizzy emerald potion for 20 gold pieces
  3829 | D:4      | Bought a scroll labeled TARYUR TURATU for 23 gold pieces
  3829 | D:4      | Bought a sapphire potion for 20 gold pieces
  3829 | D:4      | Bought a coppery potion for 20 gold pieces
  3829 | D:4      | Bought a scroll labeled EWUEXZOMEN for 23 gold pieces
  3986 | D:4      | Noticed Pikel
  3986 | D:4      | Noticed a slave
  3988 | D:4      | Noticed a slave
  3990 | D:4      | Noticed a slave
  3991 | D:4      | Killed a slave
  3992 | D:4      | Noticed a slave
  3998 | D:4      | HP: 1/32 [Pikel/whip of freezing (1)]
  3998 | D:4      | Slain by Pikel

Vault maps used:
D:1:      lemuel_arrival_muddy, minmay_tetromino_l2
D:2:      uniq_terence
D:3:      chequers_ecumenical_altar_simple_redux, nicolae_tso_carved_into_rock,
          uniq_natasha
D:4:      minmay_temple_entry_hall, serial_shops, shop, kennysheep_mini_moat,
          shop, uniq_pikel

Skill      XL: |  1  2  3  4  5  6 |
---------------+-------------------+-----
Spellcasting   | 4 6 7 |  7.1
Charms         | 4 6 |  6.5
Dodging        | |  2.4
Stealth        | |  2.4
Conjurations   | |  4.3

Action                   |  1- 3 |  4- 6 || total
-------------------------+-------+-------++-------
Melee: Hand axe          |       |     3 ||     3
 Cast: Magic Dart        |    67 |   102 ||   169
       Searing Ray       |     2 |    10 ||    12
  Use: Scroll            |       |     4 ||     4
  Eat: Chunk             |     1 |     5 ||     6
       Bread ration      |       |     1 ||     1
Armor: Robe              |     1 |     8 ||     9
Dodge: Dodged            |    17 |    25 ||    42
